 Dungeon Crawl Stone Soup version 0.31.0-11-ge490571c62 (webtiles) character file.

Game seed: 13919252573622423148

70695 PaiMei the Lord of Darkness (level 14, -13/115 HPs)
             Began as a Demonspawn Necromancer on Jan 27, 2024.
             Was the Champion of Kikubaaqudgha.
             Mangled by a large slime creature (34 damage)
             ... on level 12 of the Dungeon.
             The game lasted 00:47:15 (34108 turns).

PaiMei the Lord of Darkness (DsNe)                 Turns: 34108, Time: 00:47:16

Health: -13/115    AC: 16    Str: 10    XL:     14   Next: 95%
Magic:  39/39      EV: 17    Int: 20    God:    Kikubaaqudgha [******]
Gold:   1515       SH:  0    Dex: 13    Spells: 11/37 levels left

rFire   . . .        b - +6 shillelagh "Devastator" {shatter}
rCold   . . .        (no shield)
rNeg    . . .        N - +2 leather armour {rPois}
rPois   +            A - +1 hat {Will+}
rElec   .            T - +1 cloak
rCorr   .            l - +1 pair of gloves
SInv    .            s - +2 pair of boots
Will    ++...        (no amulet)
Stlth   ++           e - ring of magical power
HPRegen 0.39/turn    J - ring of wizardry
MPRegen 0.26/turn

%: wizardry (x1)
@: no status effects
A: thin metallic scales 2, powered by pain 1, spiny 1, weakness stinger 2
a: Renounce Religion, Unearth Wretches, Torment, Brand Weapon With Pain, Receive
Forbidden Knowledge


You were on level 12 of the Dungeon.
You worshipped Kikubaaqudgha.
Kikubaaqudgha was exalted by your worship.
You visited 6 branches of the dungeon, and saw 21 of its levels.
You also visited: Sewer.

You collected 1627 gold pieces.
You spent 112 gold pieces at shops.

Inventory:

Hand Weapons
 b - the +6 shillelagh "Devastator" (weapon) {shatter}
   (You found it on level 1 of the Lair of Beasts)
 R - a +3 spear of freezing
Missiles
 g - 5 throwing nets
 S - 4 atropa-tipped darts (quivered)
 V - 3 darts of dispersal
Armour
 l - a +1 pair of gloves (worn)
 s - a +2 pair of boots (worn)
 A - a +1 hat of willpower (worn)
 N - a +2 leather armour of poison resistance (worn)
 Q - a +0 troll leather armour
 T - a +1 cloak (worn)
Jewellery
 e - a ring of magical power (left hand)
 r - a ring of protection from fire
 J - a ring of wizardry (right hand)
Wands
 t - a wand of mindburst (21)
 G - a wand of paralysis (23)
 H - a wand of flame (38)
 I - a wand of light (16)
 W - a wand of digging (7)
Scrolls
 c - a scroll of vulnerability {unknown}
 f - 6 scrolls of fear
 i - 2 scrolls of silence
 j - 7 scrolls of teleportation
 k - a scroll of brand weapon {unknown}
 m - 2 scrolls of butterflies
 n - a scroll of acquirement {unknown}
 x - 3 scrolls of amnesia
 y - 3 scrolls of fog
 z - 6 scrolls of enchant weapon
 C - 2 scrolls of poison
 K - 4 scrolls of revelation
 L - 2 scrolls of immolation
 O - 2 scrolls of blinking
 P - a scroll of torment {unknown}
 X - a scroll of enchant armour {unknown}
Potions
 d - 8 potions of curing
 h - a potion of magic
 o - 2 potions of haste {unknown}
 q - 3 potions of cancellation
 u - 2 potions of heal wounds
 B - 3 potions of brilliance
 D - a potion of ambrosia {unknown}
 E - 3 potions of enlightenment
 F - 5 potions of attraction
 M - 6 potions of lignification
 U - a potion of invisibility {unknown}
 Y - 3 potions of berserk rage {unknown}
Miscellaneous
 a - a phial of floods
 Z - a condenser vane


   Skills:
 - Level 12.0 Fighting
 + Level 5.0 Maces & Flails
 + Level 12.4 Dodging
 - Level 2.1 Stealth
 + Level 12.4 Spellcasting
 + Level 15.0 Necromancy
 + Level 5.6 Evocations


You had 11 spell levels left.
You knew the following spells:

 Your Spells              Type           Power      Damage    Failure   Level
a - Necrotise             Necr           100%       1d9       0%          1
b - Vampiric Draining     Necr           64%        2d10      1%          3
c - Animate Dead          Necr           64%        N/A       1%          4
d - Curse of Agony        Necr           64%        N/A       1%          5
e - Dispel Undead         Necr           64%        3d22      1%          4
f - Borgnjor's Vile Clut  Necr/Erth      21%        N/A       4%          5
g - Anguish               Hex/Necr       21%        N/A       1%          4

Your spell library contained the following spells:

 Spells                   Type           Power      Damage    Failure   Level
 Kiss of Death            Conj/Necr      100%       2d13      1%          1
 Cigotuvi's Dreadful Rot  Necr/Alch/Air  64%        N/A       1%          2
 Fugue of the Fallen      Necr           64%        N/A       1%          3
 Martyr's Knell           Necr/Summ      42%        N/A       1%          4
 Death Channel            Necr           32%        N/A       1%          6
 Scorch                   Fire           24%        2d6       4%          2
 Ozocubu's Armour         Ice            12%        N/A       9%          3
 Cause Fear               Hex            6%         N/A       28%         4
 Flame Wave               Conj/Fire      12%        2d6       28%         4
 Manifold Assault         Tloc           12%        N/A       28%         4
 Vhi's Electric Charge    Tloc/Air       24%        N/A       28%         4
 Arcjolt                  Conj/Air       6%         1d16      58%         5
 Fireball                 Conj/Fire      6%         3d5       58%         5
 Plasma Beam              Fire/Air       6%         2x1d16    98%         6
 Sculpt Simulacrum        Ice/Alch       6%         N/A       98%         6
 Summon Cactus Giant      Summ           6%         N/A       98%         6
 Ozocubu's Refrigeration  Ice            6%         4d8       100%        7
 Dragon's Call            Summ           6%         N/A       100%        9
 Polar Vortex             Ice            6%         N/A       100%        9


Dungeon Overview and Level Annotations

Branches:
Dungeon (12/15)            Temple (1/1) D:5            Lair (5/5) D:8
  Swamp (0/4) Lair:2        Snake (1/4) Lair:2        Slime (1/5) Lair:4
    Orc (1/2) D:11          Sewer (visited)

Altars:
Ashenzari
Cheibriados
Dithmenos
Fedhas
Gozag
Hepliaklqana
Kikubaaqudgha
Makhleb
Nemelex Xobeh
Okawaru
Qazlal
Ru
Sif Muna
Trog
Uskayaw
Vehumet
Wu Jian
Xom
Yredelemnul

Shops:
D:7 !   D:9 ?

Annotations:
D:7 3 runed translucent doors, Bobbunny's ghost, novice FoFE
Lair:3 2 transporters, Oluanan's ghost, journeyman DsFi


Innate Abilities, Weirdness & Mutations

You are mostly covered in thin metallic scales. (AC +3)
You sometimes gain a little power by taking damage.
You are partially covered in sharp spines.
You have a tail ending in a sharp stinger.


Message History

The slime creature and the orc priest shudder.
You kill the slime creature!
Kikubaaqudgha accepts your kill.
You kill the orc priest!
Kikubaaqudgha accepts your kill.
Two slime creatures merge to form a large slime creature.
The gargoyle hurls a stone arrow at you.
The stone arrow misses you.
You hit the gargoyle but do no damage. The gargoyle closely misses you.
You thump the gargoyle!
The gargoyle shudders.
You destroy the gargoyle!
Kikubaaqudgha accepts your kill.
Casting: Necrotise (safe; 0% risk of failure)
Confirm with . or Enter, or press ? or * to list all spells.
You can't see any susceptible monsters within range! (Use Z to cast anyway.)
The large slime creature is struck by your spines.
The large slime creature hits you!!
You focus on the pain.
You feel your power returning.
Things that are here:
a +0 mace; a +0 club; an orc corpse You barely miss the large slime creature.
The large slime creature is lightly wounded.
The large slime creature barely misses you.
You hit the large slime creature.
The large slime creature shudders.
The large slime creature is lightly wounded.
You tail-slap the large slime creature.
The large slime creature is lightly wounded.
The large slime creature barely misses you.
You barely miss the large slime creature.
You tail-slap the large slime creature.
The large slime creature is moderately wounded.
The large slime creature hits you!!
You focus on the pain.
You feel your power returning.
You sock the large slime creature!
The large slime creature shudders.
The large slime creature is moderately wounded. x2
The large slime creature hits you!!
* * * LOW HITPOINT WARNING * * *
The large slime creature hits you!!
You die...
Kikubaaqudgha rasps: "You have failed me!
Welcome... death!"

##################
.[........o..J..>#
########.#######.#
#.#....##J#
#.###..##@#
#......##.#
######.##.# #.##.#
#.##.## #....<#
####.## #.# #.#


You could see a large slime creature.

Vanquished Creatures
  2 rakshasas (D:10)
  3 hydras
  Erolcha (D:11)
  5 two-headed ogres
  An alligator (Lair:2)
  Amaemon (Lair:2)
  A goliath frog (Lair:5)
  3 skysharks
  Pikel (D:6)
  A salamander (Lair:2)
  14 elephants
  A cyclops (D:10)
  5 black mambas
  A kobold blastminer (Orc:1)
  20 cane toads
  An orange demon (Lair:2)
  A gargoyle (D:12)
  Maggie (D:6)
  7 komodo dragons
  A kobold demonologist (D:11)
  7 trolls
  5 polar bears
  2 hornets (D:9)
  17 dream sheep (Lair:5)
  2 tyrant leeches (Lair:5)
  31 blink frogs
  8 slime creatures
  6 shadows (D:10)
  46 yaks
  Eustachio (D:6)
  5 spriggans (D:9)
  3 wraiths
  6 vampires
  2 humans
  12 wyverns
  2 unseen horror simulacra (D:9)
  2 steam dragons
  2 basilisks
  7 vampire mosquitoes
  A naga (Lair:2)
  An acid dragon (D:9)
  14 water moccasins
  9 orc warriors
  2 black bears (D:8)
  7 ice beasts
  A swamp drake (Lair:2)
  A boggart (D:10)
  8 wolves
  11 ogres
  8 centaurs
  6 kobold brigands
  A lemure (D:6)
  2 brain worms (Sewer)
  17 bullfrogs
  A gnoll sergeant (D:8)
  4 scorpions
  4 wights
  A killer bee (D:9)
  An electric eel (Lair:5)
  2 howler monkeys
  A bombardier beetle (D:6)
  4 hounds
  A jelly (D:5)
  13 orc priests
  2 sleepcaps (D:6)
  A gnoll bouda (D:7)
  An iguana (D:5)
  15 orc wizards
  4 hell rats (Lair:5)
  3 centaur simulacra (D:9)
  28 gnolls
  16 adders
  A river rat (Sewer)
  A shadow imp (D:8)
  7 white imps
  6 ufetubi
  2 ribbon worms
  4 dart slugs
  61 orcs
  5 ball pythons
  2 endoplasms
  7 giant cockroaches
  9 goblins
  5 hobgoblins
  5 jackals
  2 quokkas
  5 bats
  9 frilled lizards
  A jackal skeleton (D:10)
  A jackal zombie (D:10)
  19 kobolds
  5 rats
585 creatures vanquished.

Vanquished Creatures (collateral kills)
  Gastronok (D:9)
  A hydra (Lair:3)
  A two-headed ogre (D:9)
  A skyshark (Lair:3)
  3 elephants (Lair:5)
  3 cane toads (Lair:5)
  A rime drake (Lair:5)
  3 blink frogs (Lair:5)
  4 dream sheep (Lair:5)
  A wyvern (Lair:3)
  4 yaks
  A vampire mosquito (Lair:5)
  2 water moccasins (Lair:5)
  An ice beast (D:9)
  A wolf (D:9)
  3 bullfrogs (Lair:5)
  An orc wizard (D:4)
  3 hell rats (Lair:5)
  2 white imps (D:9)
  A howler monkey simulacrum (D:9)
  An ufetubus (D:9)
  2 orcs
  A kobold (D:5)
  A frilled lizard (Sewer)
  2 rats
45 creatures vanquished.

Vanquished Creatures (others)
  A goliath frog zombie (Lair:5)
  A slime creature (D:10)
  A warg (D:11)
  A cane toad zombie (Lair:5)
  4 komodo dragon zombies (Lair:5)
  A bullfrog zombie (Lair:5)
  An orc wizard (D:9)
  A steam dragon zombie (D:8)
  3 orc zombies (D:10)
  A goblin zombie (D:10)
15 creatures vanquished.

Grand Total: 645 creatures vanquished

Notes
Turn   | Place    | Note
-------+----------+-------------------------------------------
     0 | D:1      | PaiMei the Demonspawn Necromancer began the quest for the
                  | Orb.
     0 | D:1      | Reached XP level 1. HP: 13/13 MP: 3/3
   207 | D:1      | Gained mutation: You sometimes gain a little power by
                  | taking damage. [demonic ancestry]
   207 | D:1      | Reached XP level 2. HP: 9/19 MP: 0/5
  1473 | D:2      | Gained mutation: You are partially covered in sharp spines.
                  | [demonic ancestry]
  1473 | D:2      | Reached XP level 3. HP: 20/24 MP: 1/6
  1477 | D:2      | Learned a level 3 spell: Vampiric Draining
  1749 | D:2      | You fall into a shaft and drop 2 floors!
  1805 | D:4      | Noticed a water moccasin
  1885 | D:3      | Found a glowing drain.
  1897 | D:3      | Reached skill level 1 in Fighting
  2011 | Sewer    | Entered a sewer
  2018 | Sewer    | Reached XP level 4. HP: 26/32 MP: 4/7
  2024 | Sewer    | Reached skill level 5 in Necromancy
  3236 | Sewer    | Noticed a brain worm
  3253 | Sewer    | Killed a brain worm
  3254 | Sewer    | Reached XP level 5. HP: 38/38 MP: 2/9
  3679 | Sewer    | Gained mutation: You have a small tail. [demonic ancestry]
  3679 | Sewer    | Reached XP level 6. HP: 45/45 MP: 8/10
  5986 | D:4      | Reached skill level 6 in Necromancy
  6037 | D:4      | Gained mutation: You are partially covered in thin metallic
                  | scales. (AC +2) [demonic ancestry]
  6037 | D:4      | Reached XP level 7. HP: 49/52 MP: 7/12
  7093 | D:5      | Entered Level 5 of the Dungeon
  7131 | D:5      | Learned a level 4 spell: Animate Dead
  7144 | D:5      | Found a staircase to the Ecumenical Temple.
  7153 | Temple   | Entered the Ecumenical Temple
  7160 | Temple   | Became a worshipper of Kikubaaqudgha
  7187 | D:5      | Reached XP level 8. HP: 60/60 MP: 2/14
  7612 | D:5      | Found a radiant altar of Vehumet.
  7730 | D:5      | Reached skill level 7 in Necromancy
  7868 | D:5      | Found a stormy altar of Qazlal.
  8086 | D:5      | Reached skill level 5 in Spellcasting
  8163 | D:5      | Reached skill level 5 in Dodging
  8521 | D:6      | Reached skill level 5 in Fighting
  8612 | D:6      | Identified the +1 scale mail "Royvoxet" {-Tele Dex+4}
  8623 | D:6      | Noticed Eustachio
  8646 | D:6      | Killed Eustachio
  9044 | D:6      | Noticed Pikel
  9058 | D:6      | Killed Pikel
  9059 | D:6      | Reached skill level 8 in Necromancy
  9059 | D:6      | Gained mutation: You are mostly covered in thin metallic
                  | scales. (AC +3) [demonic ancestry]
  9059 | D:6      | Reached XP level 9. HP: 64/69 MP: 4/17
  9269 | D:6      | Noticed Maggie
  9282 | D:6      | Killed Maggie
  9558 | D:6      | Reached * piety under Kikubaaqudgha
  9558 | D:6      | Received a gift from Kikubaaqudgha
 10335 | D:7      | Found a runed translucent gate.
 10335 | D:7      | Found a runed translucent gate.
 10336 | D:7      | Found a runed translucent gate.
 10336 | D:7      | Found an opulent altar of Gozag.
 10338 | D:7      | Noticed a deep elf pyromancer
 10339 | D:7      | Noticed Bobbunny's ghost (novice FoFE)
 10355 | D:7      | Noticed a troll
 10362 | D:7      | Killed a troll
 10500 | D:7      | Found Nicyarro's Distillery.
 10503 | D:7      | Bought a potion of curing for 42 gold pieces
 10503 | D:7      | Bought a potion of heal wounds for 70 gold pieces
 10987 | D:7      | Found a shimmering blue altar of Sif Muna.
 11230 | D:7      | Reached ** piety under Kikubaaqudgha
 11304 | D:7      | Reached skill level 9 in Necromancy
 11491 | D:7      | Found a bloodstained altar of Trog.
 11562 | D:7      | Found a blossoming altar of Fedhas.
 11938 | D:7      | Learned a level 5 spell: Curse of Agony
 11943 | D:7      | Learned a level 4 spell: Dispel Undead
 11977 | D:8      | Reached XP level 10. HP: 60/79 MP: 20/20
 12049 | D:8      | Found a staircase to the Lair.
 12845 | D:8      | Found an iron altar of Okawaru.
 14273 | D:9      | Reached skill level 10 in Necromancy
 14606 | D:9      | Reached *** piety under Kikubaaqudgha
 14606 | D:9      | Received a gift from Kikubaaqudgha
 15012 | D:9      | Noticed a two-headed ogre
 15023 | D:9      | Killed a two-headed ogre
 15024 | D:9      | Gained mutation: You have a tail ending in a sharp stinger.
                  | [demonic ancestry]
 15024 | D:9      | Reached XP level 11. HP: 40/87 MP: 8/23
 15676 | D:9      | Noticed Gastronok
 15690 | D:9      | Killed Gastronok
 15920 | D:9      | Reached skill level 11 in Necromancy
 16383 | D:9      | Found Norghepla's Magic Scroll Shop.
 16719 | D:9      | Found a snail-covered altar of Cheibriados.
 16743 | D:9      | Reached **** piety under Kikubaaqudgha
 16931 | D:9      | Noticed a two-headed ogre
 16936 | D:9      | Killed a two-headed ogre
 17101 | D:10     | Entered Level 10 of the Dungeon
 17171 | D:10     | Noticed a two-headed ogre
 17180 | D:10     | Killed a two-headed ogre
 17290 | D:10     | Noticed a two-headed ogre
 17300 | D:10     | Killed a two-headed ogre
 17708 | D:10     | Found a shadowy altar of Dithmenos.
 17708 | D:10     | Noticed a rakshasa
 17722 | D:10     | Found a runed translucent door.
 17722 | D:10     | Found a basalt altar of Yredelemnul.
 17730 | D:10     | Found a sacrificial altar of Ru.
 18215 | D:10     | Reached XP level 12. HP: 85/97 MP: 22/25
 18530 | D:10     | Noticed a two-headed ogre
 18536 | D:10     | Killed a two-headed ogre
 18537 | D:10     | Reached skill level 10 in Fighting
 18798 | D:10     | Noticed a two-headed ogre
 18804 | D:10     | Reached skill level 12 in Necromancy
 18819 | D:10     | Killed a two-headed ogre
 19091 | D:10     | Reached ***** piety under Kikubaaqudgha
 19857 | D:10     | Noticed a rakshasa
 20037 | D:8      | Learned a level 5 spell: Borgnjor's Vile Clutch
 20042 | D:8      | Learned a level 4 spell: Anguish
 20043 | Lair:1   | Entered Level 1 of the Lair of Beasts
 20094 | Lair:1   | Reached skill level 10 in Spellcasting
 20439 | Lair:1   | Reached skill level 10 in Dodging
 20900 | Lair:1   | You fall into a shaft and drop 1 floor!
 21575 | Lair:1   | Found the +6 shillelagh "Devastator" {shatter}
 22514 | Lair:2   | Noticed Amaemon
 22541 | Lair:2   | Killed Amaemon
 22548 | Lair:2   | HP: 5/100 [poisoned by Amaemon]
 22884 | Lair:2   | Reached XP level 13. HP: 81/106 MP: 22/27
 22889 | Lair:2   | Reached skill level 13 in Necromancy
 23357 | Lair:2   | Found a staircase to the Swamp.
 23621 | Lair:2   | Found a staircase to the Snake Pit.
 24314 | Snake:1  | Entered Level 1 of the Snake Pit
 24700 | Lair:3   | Found a transporter.
 24773 | Lair:3   | Noticed Oluanan's ghost (journeyman DsFi)
 24774 | Lair:3   | Found a transporter.
 26042 | Lair:4   | Found a staircase to the Slime Pits.
 27149 | Lair:4   | Reached skill level 1 in Evocations
 27168 | Lair:4   | Reached skill level 1 in Maces & Flails
 27525 | Lair:5   | Entered Level 5 of the Lair of Beasts
 27815 | Slime:1  | Entered Level 1 of the Pits of Slime
 27815 | Slime:1  | Noticed a quicksilver ooze
 27871 | Lair:5   | Reached skill level 14 in Necromancy
 28504 | Lair:5   | Reached XP level 14. HP: 115/115 MP: 23/29
 28737 | Lair:5   | Reached ****** piety under Kikubaaqudgha
 31080 | Lair:5   | Reached skill level 5 in Evocations
 31882 | D:11     | Noticed Erolcha
 31889 | D:11     | Killed Erolcha
 32128 | D:11     | Found a staircase to the Orcish Mines.
 32147 | D:11     | Reached skill level 15 in Necromancy
 32897 | Orc:1    | Entered Level 1 of the Orcish Mines
 33919 | D:12     | Reached skill level 5 in Maces & Flails
 34108 | D:12     | Mangled by a large slime creature

Illustrated notes

Levels and vault maps discovered:
D:1:      heliophobic_arrival_ceremonial_halls, layout_basic
D:2:      layout_loops_cross
D:3:      layout_basic, portal_sewer_entry_e
D:4:      layout_cave_pools, kennysheep_orc_chapel
D:5:      layout_loops_ring, gammafunk_temple_overflow_forgotten,
          minmay_temple_entry_overgrown
D:6:      layout_basic, uniq_maggie, uniq_pikel, uniq_eustachio
D:7:      layout_loops_corners, old_standard_altar, lemuel_crystal_altar,
          tgw_sif, serial_shops, nicolae_shop_behind_doors, ebering_ghost_gozag
D:8:      layout_rooms, kennysheep_mini_moat, david_lair_generic, special_room
          [special_room_orc], minmay_misc_feat_four_crosses
D:9:      kb_forest_paths, layout_irregular_city,
          mainiacjoe_overflow_concentric_impassable, serial_ice, serial_ice_h,
          serial_ice_f, serial_ice_i, serial_ice_d, serial_ice_b, serial_ice_o,
          serial_ice_e, serial_ice_g, serial_shops, shop, uniq_gastronok
D:10:     regret_index_dithmenos_penumbral_divide, layout_basic,
          overflow_temple_1_default, dk_yredelemnul_ordeal, enter_bailey_5,
          grunt_decor_resistance
D:11:     layout_cave_pools, erik_orc_4, minmay_misc_feat_rows, uniq_erolcha
D:12:     nooodl_glass_maze, layout_basic, muffindrake_ghost_dual_entry,
          chequers_serial_rivers_micro_a, hex_large
Temple:   nicolae_temple_no_exploring_needed
Lair:1:   layout_small_grid
Lair:2:   layout_small_grid, mainiacjoe_swamp_entry_lozenge_pond,
          alex1729_snake_entry_snake, uniq_amaemon
Lair:3:   layout_regular_city, gammafunk_ghost_arena, serial_bayou_shore_b
Lair:4:   wad_woods_stonehenge, layout_regular_city, slime_entry_1
Lair:5:   minmay_lair_end_frog_pond, layout_gridlike
Snake:1:  layout_layer_cave, portal_ice_cave_entry_frozen_things,
          nicolae_wooded_promenade
Slime:1:  nicolae_slime_jelly_donut, layout_caves,
          cheibrodos_slime_lost_civilization_5
Orc:1:    layout_caves, basic_altar, serial_shops, nicolae_shop_dealshenge,
          nicolae_orc_bridge_out, uniq_jorgrun

Skill      XL: |  1  2  3  4  5  6  7  8  9 10 11 12 13 14 |
---------------+-------------------------------------------+-----
Stealth        | 2 |  2.1
Dodging        | 2 3 4 5 6 8 9 10 11 12 | 12.4
Fighting       | 1 2 3 4 5 7 8 9 11 12 | 12.0
Necromancy     | 5 6 8 9 10 11 12 14 15 | 15.0
Spellcasting   | 3 4 5 6 8 9 10 11 12 | 12.4
Evocations     | 2 5 |  5.6
Maces & Flails | 2 5 |  5.0

Action                     |  1- 3 |  4- 6 |  7- 9 | 10-12 | 13-15 || total
---------------------------+-------+-------+-------+-------+-------++-------
  Melee: Dagger            |    26 |       |       |       |       ||    26
         Punch             |     1 |       |       |     2 |     2 ||     5
         Hand axe          |       |       |    40 |   120 |       ||   160
         Tailslap          |       |       |     9 |    34 |    36 ||    79
         Shillelagh        |       |       |       |    19 |   221 ||   240
   Fire: Sling             |       |     9 |     1 |       |       ||    10
   Cast: Necrotise         |    72 |   108 |   161 |   126 |   204 ||   671
         Vampiric Draining |       |       |    65 |   259 |   254 ||   578
         Dispel Undead     |       |       |     3 |    32 |     5 ||    40
         Animate Dead      |       |       |       |     5 |     4 ||     9
         Curse of Agony    |       |       |       |    11 |    14 ||    25
    Use: Potion            |       |       |       |     2 |     1 ||     3
         Scroll            |       |       |       |    10 |    11 ||    21
   Stab: Distracted        |       |       |       |     3 |       ||     3
 Armour: Robe              |    23 |    27 |    53 |       |       ||   103
         Leather armour    |       |       |    46 |   409 |   535 ||   990
         Swamp dragon scal |       |       |     6 |       |       ||     6
  Dodge: Dodged            |    29 |    43 |   115 |   403 |   516 ||  1106
